[Event "Titled Tuesday Blitz February 22 Early 2022"]
[White "Mikhailov, Viacheslav"]
[Black "Kollars, Dmitrij"]
[WhiteFideId "4187369"]
[BlackFideId "12909572"]
[WhiteElo "2381"]
[BlackElo "2584"]
[Result "0-1"]
[Round "02"]
[TimeControl "180+1"]
[Date "2022.02.22"]
[WhiteClock "0:00:08"]
[BlackClock "0:00:08"]

1. Nf3 Nf6 2. g3 g6 3. Bg2 Bg7 4. O-O O-O 5. c4 Nc6 6. Nc3 d5 7. cxd5 Nxd5 8. d4 e5 9. dxe5 Nxc3 10. bxc3 Qxd1 11. Rxd1 Nxe5 12. Bf4 Nxf3+ 13. Bxf3 c6 14. Rac1 Re8 15. a4 a5 16. Bc7 Be6 17. Rb1 Re7 18. Rd8+ Rxd8 19. Bxd8 Re8 20. Bxa5 Ra8 21. Bc7 Bc8 22. a5 Bxc3 23. Kg2 h5 24. Rb3 Bf6 25. h4 Kf8 26. Bb6 Be6 27. Bc5+ Kg7 28. Rxb7 Rxa5 29. Bb4 Ra6 30. Rc7 Bg4 31. Bxc6 Be5 32. Bb5 Rb6 33. Rc5 Bd4 34. Rd5 Bxe2 35. Rxd4 Rxb5 36. Bc3 Kf8 37. Bb4+ Kg7 38. Bc3 Kf8 39. Rb4 Rf5 40. f4 Rd5 41. Kf2 Bg4 42. Bf6 Ke8 43. Rb7 Rd2+ 44. Ke3 Re2+ 45. Kd3 Re6 46. Be5 Bf5+ 47. Kd4 f6 48. Bc7 Re4+ 49. Kd5 Re7 50. Ra7 Rd7+ 51. Kc5 Rd3 52. Bd6 Rxg3 53. Re7+ Kd8 54. Rg7 Rc3+ 55. Kd5 Rd3+ 56. Kc6 Be4+ 57. Kc5 Rd5+ 58. Kc6 Rd2+ 59. Kc5 Rd5+ 60. Kc6 Rd1+ 61. Kc5 Kc8 62. Be7 Rd5+ 63. Kc4 Rf5 64. Rf7 Bd5+ 65. Kd4 Bxf7 0-1


[Site "https://www.chess.com"]

[Event "Titled Tuesday Blitz February 22 Early 2022"]
[White "Mikhailovsky, Vladimir"]
[Black "Zavivaeva, Emilia"]
[WhiteFideId "34105414"]
[BlackFideId "34127531"]
[WhiteElo "2371"]
[BlackElo "1685"]
[Result "1-0"]
[Round "02"]
[TimeControl "180+1"]
[Date "2022.02.22"]
[WhiteClock "0:00:54"]
[BlackClock "0:00:01"]

1. d4 d5 2. Bf4 e6 3. Nc3 Nf6 4. Nb5 Na6 5. e3 Be7 6. Nf3 O-O 7. Nc3 c5 8. Be2 b6 9. O-O Bb7 10. Nb5 Rc8 11. Nxa7 Ra8 12. Nb5 Ne4 13. a4 Bc6 14. Ne5 Bb7 15. c3 Nd6 16. Qc2 Nc7 17. Nxc7 Qxc7 18. Bd3 f5 19. f3 Qd8 20. Bg3 Bf6 21. dxc5 bxc5 22. b4 Rc8 23. Qd2 Re8 24. a5 Nc4 25. Bxc4 dxc4 26. Qxd8 Rexd8 27. b5 Ra8 28. a6 Bc8 29. Rfd1 Rxd1+ 30. Rxd1 Kf8 31. Nd7+ 1-0


[Site "https://www.chess.com"]

[Event "Titled Tuesday Blitz February 22 Early 2022"]
[White "Mikhalsky, Vladimir"]
[Black "Hess, Robert"]
[WhiteFideId "14144352"]
[BlackFideId "2022036"]
[WhiteElo "2248"]
[BlackElo "2557"]
[Result "1-0"]
[Round "02"]
[TimeControl "180+1"]
[Date "2022.02.22"]
[WhiteClock "0:00:11"]
[BlackClock "0:00:06"]

1. c4 g6 2. d4 Bg7 3. e4 d6 4. Nc3 e6 5. Be3 Ne7 6. h4 h6 7. h5 g5 8. f4 gxf4 9. Bxf4 Nbc6 10. Nf3 Ng8 11. Be3 Nf6 12. Qd2 Ng4 13. Bg1 Rg8 14. O-O-O Bd7 15. e5 dxe5 16. d5 Nd4 17. Nxd4 exd4 18. Bxd4 Bxd4 19. Qxd4 Qg5+ 20. Kb1 e5 21. Qc5 Qe7 22. Qg1 b6 23. d6 cxd6 24. Nd5 Qd8 25. Bd3 Be6 26. Be4 Rc8 27. Qf1 Qg5 28. Qf3 f5 29. Bc2 e4 30. Qa3 Bxd5 31. Rxd5 Ne3 32. Qxd6 Nxd5 33. Qxd5 Rd8 34. Qe6+ Kf8 35. Rf1 f4 36. Qxe4 Kg7 37. Rxf4 Rge8 38. Qh7# 1-0


[Site "https://www.chess.com"]

[Event "Titled Tuesday Blitz February 22 Early 2022"]
[White "Mikhnenko, Alexander"]
[Black "Gelman, Alexander"]
[WhiteFideId "34143014"]
[BlackFideId "4118316"]
[WhiteElo "2140"]
[BlackElo "2375"]
[Result "1-0"]
[Round "02"]
[TimeControl "180+1"]
[Date "2022.02.22"]
[WhiteClock "0:00:22"]
[BlackClock "0:01:48"]

1. e4 c5 2. Nf3 e6 3. Qe2 Nc6 4. g3 d6 5. d3 Nf6 6. Bg2 Be7 7. O-O O-O 8. c3 Qc7 9. Bg5 h6 10. Bxf6 Bxf6 11. Nbd2 b5 12. Rad1 b4 13. Nb1 a5 14. d4 Ba6 15. c4 Nxd4 16. Nxd4 Bxd4 17. b3 Bb7 18. Kh1 a4 19. Nd2 axb3 20. Nxb3 Bc3 21. f4 Ra6 22. f5 Qe7 23. Qg4 Kh8 24. fxe6 fxe6 25. Rxf8+ Qxf8 26. Qxe6 Rxa2 27. Qxd6 Qf2 28. Rg1 Bxe4 29. Qd8+ Kh7 30. Bxe4+ g6 31. Qd7+ Kg8 32. Bd5+ Kh8 33. Qe8+ Kg7 34. Qg8+ Kf6 35. Qf7+ Kg5 36. h4+ Kg4 37. Qxg6+ Kh3 38. Be6+ 1-0


[Site "https://www.chess.com"]

[Event "Titled Tuesday Blitz February 22 Early 2022"]
[White "Miszler, Levente"]
[Black "Butti, Enrique"]
[WhiteFideId "763276"]
[BlackFideId "3700470"]
[WhiteElo "1966"]
[BlackElo "2080"]
[Result "0-1"]
[Round "02"]
[TimeControl "180+1"]
[Date "2022.02.22"]
[WhiteClock "0:00:13"]
[BlackClock "0:00:04"]

1. d4 Nf6 2. Nf3 g6 3. Nc3 Bg7 4. e4 d6 5. h3 O-O 6. Be3 a6 7. Qd2 b5 8. a3 Bb7 9. Bd3 Nbd7 10. Bh6 c5 11. Bxg7 Kxg7 12. e5 Nd5 13. exd6 exd6 14. dxc5 Re8+ 15. Be2 Nxc3 16. Qxc3+ Nf6 17. c6 Rc8 18. Nd4 Qb6 19. O-O-O Bxc6 20. Nxc6 Rxc6 21. Qf3 Rec8 22. Bd3 b4 23. axb4 Qxb4 24. Rhe1 Rb6 25. b3 Qxb3 26. Re7 Qb2+ 27. Kd2 Rb3 28. Ke1 Rxc2 29. Kf1 Rc1 30. Ree1 Rxd1 31. Rxd1 a5 32. Qe2 Qxe2+ 33. Bxe2 d5 34. Bf3 a4 35. Bxd5 Nxd5 36. Rxd5 a3 37. Ra5 Kf6 38. g3 Ke6 39. Ra6+ Kd5 40. Ra7 Kc4 41. Rxf7 Kc3 42. Ra7 Kb2 43. f4 a2 44. g4 a1=Q+ 45. Rxa1 Kxa1 46. Kg2 Re3 47. f5 gxf5 48. gxf5 Re5 49. Kg3 Rxf5 50. Kg4 Rf1 51. h4 Kb2 52. Kh5 Kc3 53. Kh6 Rh1 54. h5 Kd4 55. Kg5 Ke5 56. Kh6 Kf5 57. Kg7 Rxh5 58. Kh8 Kf6 59. Kg8 Rh1 60. Kh8 h5 61. Kg8 h4 62. Kh8 h3 63. Kh7 h2 64. Kg8 Rg1+ 65. Kf8 h1=Q 66. Ke8 0-1


[Site "https://www.chess.com"]

[Event "Titled Tuesday Blitz February 22 Early 2022"]
[White "Moiseenko, Alexander"]
[Black "Fathy, Elameir"]
[WhiteFideId "14102560"]
[BlackFideId "10600396"]
[WhiteElo "2577"]
[BlackElo "2311"]
[Result "1-0"]
[Round "02"]
[TimeControl "180+1"]
[Date "2022.02.22"]
[WhiteClock "0:00:04"]
[BlackClock "0:00:02"]

1. d4 d5 2. c4 c6 3. Nc3 Nf6 4. e3 e6 5. Nf3 Nbd7 6. Bd3 dxc4 7. Bxc4 b5 8. Bd3 Bb7 9. e4 b4 10. Na4 c5 11. e5 Nd5 12. dxc5 Qa5 13. O-O Nxc5 14. Nxc5 Bxc5 15. Qe2 a6 16. Bd2 Qb6 17. Rac1 h6 18. Rc4 O-O 19. Bxh6 gxh6 20. Rg4+ Kh8 21. Ng5 Be3 22. fxe3 Qxe3+ 23. Qxe3 Nxe3 24. Nxf7+ Rxf7 25. Rxf7 Nxg4 26. Rxb7 Nxe5 27. Be4 Rd8 28. Rxb4 Ng4 29. Bf3 Ne5 30. Re4 Nxf3+ 31. gxf3 Rd1+ 32. Kf2 Rd2+ 33. Re2 Rd6 34. b3 Kg7 35. Kg3 Kf6 36. Re4 Rd2 37. Ra4 Rd6 38. h4 h5 39. Kf4 e5+ 40. Ke4 Rb6 41. f4 exf4 42. Kxf4 Rd6 43. Ra5 Kg6 44. Ke5 Rb6 45. Kd5 Kg7 46. Kc5 Rg6 47. b4 Rg4 48. Rxa6 Rxh4 49. b5 Rh2 50. b6 Rb2 51. a4 h4 52. a5 h3 53. Ra7+ Kg6 54. Ra8 Kg7 55. Ra7+ Kg6 56. Re7 h2 57. Re1 Kf6 58. Rh1 1-0


[Site "https://www.chess.com"]

[Event "Titled Tuesday Blitz February 22 Early 2022"]
[White "Moksh Amit Doshi"]
[Black "Dreev, Aleksey"]
[WhiteFideId "25064967"]
[BlackFideId "4100107"]
[WhiteElo "2245"]
[BlackElo "2636"]
[Result "1/2-1/2"]
[Round "02"]
[TimeControl "180+1"]
[Date "2022.02.22"]
[WhiteClock "0:00:33"]
[BlackClock "0:00:07"]

1. d4 d5 2. c4 e6 3. Nf3 Nf6 4. g3 dxc4 5. Bg2 Bb4+ 6. Bd2 a5 7. Qc2 O-O 8. Qxc4 b6 9. Bxb4 Ba6 10. Qb3 axb4 11. Qxb4 Nc6 12. Qd2 Ne4 13. Qe3 Nd6 14. Qc3 Qd7 15. Ne5 Nxe5 16. dxe5 Nb5 17. Qd2 Rad8 18. Qxd7 Rxd7 19. e3 Rfd8 20. O-O Rd1 21. Na3 Rxa1 22. Rxa1 Nxa3 23. bxa3 Rd2 24. h4 Bd3 25. Rc1 c5 26. Rc3 c4 27. Bc6 Rxa2 28. Bb5 h5 29. Bxc4 Bxc4 30. Rxc4 Rxa3 31. Rc7 Ra5 32. Rb7 Rb5 33. Kg2 Rb2 34. Kf3 b5 35. Kg2 b4 36. Kf3 b3 37. Kg2 Rb1 38. Kf3 b2 39. Ke4 Kh7 40. f3 Kg6 41. g4 hxg4 42. fxg4 Rh1 43. Rxb2 Rxh4 44. Kf3 Rh3+ 45. Kf4 Rh1 46. Rb7 Rf1+ 47. Kg3 Kg5 48. Kg2 Re1 49. Rxf7 Rxe3 50. Rxg7+ Kf4 51. Kf2 Rxe5 52. Rg8 Rc5 53. Re8 e5 54. Rf8+ Kxg4 55. Ke3 Rc4 56. Re8 Kf5 57. Rf8+ Ke6 58. Re8+ Kd6 59. Rd8+ Ke7 60. Ra8 Ke6 61. Re8+ Kd6 62. Rd8+ Ke7 63. Ra8 Rh4 64. Rb8 Ke6 65. Re8+ Kd6 66. Rd8+ Ke7 67. Ra8 Kf7 68. Rb8 Rf4 69. Ra8 Ke7 70. Rb8 Kd7 71. Ra8 Rc4 72. Rb8 Ra4 73. Rh8 Kd6 74. Rd8+ Ke6 75. Re8+ Kf6 76. Rf8+ Ke7 77. Rb8 Rc4 78. Ra8 1/2-1/2


[Site "https://www.chess.com"]

[Event "Titled Tuesday Blitz February 22 Early 2022"]
[White "Muradov, Soltan"]
[Black "Bilan, Danila"]
[WhiteFideId "14002108"]
[BlackFideId "24161918"]
[WhiteElo "1854"]
[BlackElo "2164"]
[Result "1-0"]
[Round "02"]
[TimeControl "180+1"]
[Date "2022.02.22"]
[WhiteClock "0:00:33"]
[BlackClock "0:00:12"]

1. Nf3 d5 2. b3 Nf6 3. Bb2 c5 4. e3 Nc6 5. d4 Bg4 6. Be2 cxd4 7. Nxd4 Bxe2 8. Qxe2 e6 9. O-O Be7 10. c4 O-O 11. Nxc6 bxc6 12. Nc3 Rc8 13. Rad1 Qa5 14. h3 Rfd8 15. Rd2 Bb4 16. Rc2 c5 17. Na4 d4 18. Rd1 dxe3 19. Rxd8+ Rxd8 20. Qxe3 Qc7 21. Be5 Qd7 22. Bxf6 gxf6 23. Re2 Qd6 24. g3 Kf8 25. Kg2 Ke7 26. Nb2 Bd2 27. Qf3 Bc1 28. Na4 Ba3 29. h4 Rd7 30. Re3 Qd2 31. Qc6 Qd4 32. Nc3 Bb2 33. Nb5 Qd2 34. Qxc5+ Ke8 35. Nc7+ Kd8 36. Na6 Bd4 37. Qf8# 1-0


[Site "https://www.chess.com"]

[Event "Titled Tuesday Blitz February 22 Early 2022"]
[White "Murzin, Volodar"]
[Black "Purtseladze, Maka"]
[WhiteFideId "44155573"]
[BlackFideId "13602659"]
[WhiteElo "2585"]
[BlackElo "2192"]
[Result "1-0"]
[Round "02"]
[TimeControl "180+1"]
[Date "2022.02.22"]
[WhiteClock "0:00:06"]
[BlackClock "0:00:14"]

1. e4 e6 2. d3 d5 3. Nd2 g6 4. Ngf3 Bg7 5. g3 c5 6. Bg2 Ne7 7. O-O b6 8. c3 Ba6 9. exd5 exd5 10. Qc2 O-O 11. Re1 Nbc6 12. Nf1 Nf5 13. Bf4 Bb7 14. h4 d4 15. c4 h5 16. Qd2 Qd7 17. Ng5 Rae8 18. Nh2 Nd8 19. Bxb7 Nxb7 20. b3 Nbd6 21. Nhf3 f6 22. Ne4 Qc6 23. Nxd6 Nxd6 24. Bxd6 Qxd6 25. Rxe8 Rxe8 26. Re1 Kf7 27. Re4 Rxe4 28. dxe4 Qe6 29. Qe2 Qg4 30. Kg2 Ke6 31. Qd3 Bh6 32. b4 Kd6 33. bxc5+ Kxc5 34. Qa3+ Kc6 35. Nxd4+ Kb7 36. Qe7+ Ka6 37. Nb5 Ka5 38. Qa3# 1-0


[Site "https://www.chess.com"]

[Event "Titled Tuesday Blitz February 22 Early 2022"]
[White "Mustafayev, Farid"]
[Black "Buscar, Michael"]
[WhiteFideId "13408771"]
[BlackFideId "2603616"]
[WhiteElo "2129"]
[BlackElo "2010"]
[Result "0-1"]
[Round "02"]
[TimeControl "180+1"]
[Date "2022.02.22"]
[WhiteClock "0:00:23"]
[BlackClock "0:00:12"]

1. d4 d5 2. c4 e6 3. Nc3 Be7 4. cxd5 exd5 5. Qc2 a6 6. Bf4 Nf6 7. e3 O-O 8. Bd3 Nbd7 9. Nf3 c6 10. Ne5 Re8 11. a3 Nf8 12. b4 Ne6 13. Bg3 g6 14. f3 Ng7 15. Bf2 Bf5 16. e4 dxe4 17. fxe4 Be6 18. O-O Ng4 19. Nxg4 Bxg4 20. e5 Bf5 21. Bxf5 Nxf5 22. Rad1 a5 23. b5 Bxa3 24. bxc6 bxc6 25. Ne4 Re6 26. Nf6+ Rxf6 27. exf6 Qxf6 28. d5 cxd5 29. Rxd5 Qb2 30. Qc6 Qb8 31. Rb5 Qd8 32. Rfb1 Bb4 33. Rc1 Nd4 34. Bxd4 Qxd4+ 35. Kh1 Rd8 36. h3 Bd6 37. Qf3 Rd7 38. Rd5 Qb4 39. Rc8+ Kg7 40. Qc3+ Qxc3 41. Rxc3 Rc7 42. Rxc7 Bxc7 43. Rd7 Be5 44. Rd3 Kf6 45. g4 Ke6 46. Ra3 Bc7 47. Kg2 Kd5 48. Rc3 Bd6 49. Rc8 a4 50. Ra8 a3 51. Kf3 Kc4 52. Ke4 Kb3 53. Kd3 a2 54. Ra6 Ba3 55. Rb6+ Ka4 56. Kc4 Ka5 0-1


[Site "https://www.chess.com"]

[Event "Titled Tuesday Blitz February 22 Early 2022"]
[White "Nakamura, Hikaru"]
[Black "Mohammad Fahad, Rahman"]
[WhiteFideId "2016192"]
[BlackFideId "10207791"]
[WhiteElo "2850"]
[BlackElo "2323"]
[Result "1-0"]
[Round "02"]
[TimeControl "180+1"]
[Date "2022.02.22"]
[WhiteClock "0:00:51"]
[BlackClock "0:00:02"]

1. Nf3 Nf6 2. b3 d5 3. Bb2 e6 4. e3 Be7 5. d4 O-O 6. c4 b6 7. cxd5 Nxd5 8. e4 Nf6 9. Qc2 Bb7 10. Nc3 c5 11. d5 exd5 12. exd5 Na6 13. a3 Rc8 14. Bc4 Nc7 15. Rd1 b5 16. Bd3 Ncxd5 17. O-O Qb6 18. Nxd5 Nxd5 19. Bxh7+ Kh8 20. Be4 Rfd8 21. Ne5 Kg8 22. Nxf7 Kxf7 23. Bxd5+ Bxd5 24. Qf5+ Bf6 25. Rxd5 Qe6 26. Qh5+ Kg8 27. Rxd8+ Rxd8 28. Bxf6 Qxf6 29. Qxc5 a6 30. a4 bxa4 31. bxa4 Rd6 32. g3 Qg6 33. Re1 Kh7 34. Qc4 Rf6 35. Qe4 Qxe4 36. Rxe4 Rb6 37. h4 Rb1+ 38. Kg2 Ra1 39. Rc4 a5 40. g4 Ra3 41. f3 Kg6 42. Kg3 Kh7 43. h5 Kh6 44. Rc6+ Kh7 45. Rc4 Kh6 46. Rd4 Kh7 47. g5 Ra1 48. f4 Ra3+ 49. Kg4 Ra1 50. Rd8 Rg1+ 51. Kf5 g6+ 52. hxg6+ Kg7 53. Rd7+ Kg8 54. Kf6 1-0


[Site "https://www.chess.com"]

[Event "Titled Tuesday Blitz February 22 Early 2022"]
[White "Narayanan.S.L"]
[Black "Jakubowski, Krzysztof"]
[WhiteFideId "5058422"]
[BlackFideId "1112848"]
[WhiteElo "2494"]
[BlackElo "2365"]
[Result "1-0"]
[Round "02"]
[TimeControl "180+1"]
[Date "2022.02.22"]
[WhiteClock "0:00:05"]
[BlackClock "0:00:06"]

1. b3 d5 2. Bb2 Bf5 3. d3 e6 4. Nd2 Nf6 5. g3 Be7 6. Bg2 O-O 7. e4 Bg6 8. Ne2 dxe4 9. dxe4 c6 10. Nf4 Nbd7 11. O-O a5 12. a4 Qc7 13. Qe2 Rfd8 14. Rfd1 e5 15. Nxg6 hxg6 16. Nc4 Bc5 17. h3 b5 18. Nd2 Qb6 19. Bf3 Re8 20. Kg2 g5 21. Rh1 Nf8 22. Bg4 Rad8 23. Nf3 Ng6 24. Bf5 Ne7 25. Nxg5 Nxf5 26. exf5 Rd5 27. Rhd1 Rxd1 28. Rxd1 bxa4 29. Qc4 Nd5 30. Qh4 Nf6 31. Qc4 Nd5 32. Ne4 Bxf2 33. Rxd5 cxd5 34. Qxd5 axb3 35. cxb3 Bd4 36. Ba3 Rd8 37. Nd6 Qc7 38. h4 Rd7 39. Kh3 Qc2 40. Qa8+ Kh7 41. Ne4 Be3 42. f6 Rd1 43. fxg7 Rh1+ 44. Kg4 Qe2+ 45. Kf5 Rf1+ 46. Kxe5 Qh5+ 47. Ng5+ Kxg7 48. Qf8+ Kg6 49. Qg8+ Kh6 50. Bf8# 1-0


[Site "https://www.chess.com"]

[Event "Titled Tuesday Blitz February 22 Early 2022"]
[White "Narayanan, Srinath"]
[Black "Wagner, Dinara"]
[WhiteFideId "5018420"]
[BlackFideId "24157570"]
[WhiteElo "2472"]
[BlackElo "2216"]
[Result "1-0"]
[Round "02"]
[TimeControl "180+1"]
[Date "2022.02.22"]
[WhiteClock "0:00:14"]
[BlackClock "0:00:10"]

1. d4 Nf6 2. Nf3 d5 3. c4 e6 4. g3 dxc4 5. Bg2 a6 6. O-O Nc6 7. Nbd2 b5 8. b3 c3 9. Nb1 b4 10. a3 Rb8 11. axb4 Bxb4 12. Qd3 O-O 13. Nxc3 e5 14. Be3 exd4 15. Nxd4 Ne5 16. Qc2 c5 17. Nf3 Qe7 18. Nxe5 Qxe5 19. Na2 Ba3 20. Bf4 Qh5 21. Bxb8 Bf5 22. e4 Bh3 23. Bf4 Ng4 24. f3 Nf6 25. Bxh3 Qxh3 26. Nc3 Bb4 27. Nd5 Nxd5 28. exd5 Rc8 29. Qc4 Qf5 30. Rxa6 h5 31. h4 Rd8 32. d6 Qh3 33. Ra7 Rf8 34. d7 Bd2 35. Rf2 Be3 36. Bxe3 Qxg3+ 37. Kf1 Qh3+ 38. Ke2 Qh1 39. d8=Q 1-0


[Site "https://www.chess.com"]

[Event "Titled Tuesday Blitz February 22 Early 2022"]
[White "Necula, Iulian"]
[Black "Langner, Ladislav"]
[WhiteFideId "1232380"]
[BlackFideId "300403"]
[WhiteElo "1776"]
[BlackElo "2346"]
[Result "0-1"]
[Round "02"]
[TimeControl "180+1"]
[Date "2022.02.22"]
[WhiteClock "0:00:16"]
[BlackClock "0:01:21"]

1. b4 e5 2. Bb2 d6 3. Nf3 Nf6 4. e3 g6 5. c4 Bg7 6. Be2 O-O 7. O-O c6 8. d4 e4 9. Nfd2 d5 10. f3 exf3 11. Nxf3 Ng4 12. Qd2 Re8 13. Ne5 Nxe5 14. dxe5 Bxe5 15. Bxe5 Rxe5 16. Nc3 Be6 17. Rad1 Qb6 18. cxd5 cxd5 19. Nb5 Nc6 20. Nd4 Qxb4 21. Qxb4 Nxb4 22. Rb1 Nxa2 23. Rxb7 Nc3 24. Bf3 Rxe3 25. Rc1 a5 26. Kf2 Rd3 27. Nb3 Ne4+ 28. Bxe4 Rxb3 29. Bf3 Rxb7 0-1


[Site "https://www.chess.com"]

[Event "Titled Tuesday Blitz February 22 Early 2022"]
[White "Neiksans, Arturs"]
[Black "Hua, Lefong"]
[WhiteFideId "11601388"]
[BlackFideId "2602253"]
[WhiteElo "2447"]
[BlackElo "2567"]
[Result "0-1"]
[Round "02"]
[TimeControl "180+1"]
[Date "2022.02.22"]
[WhiteClock "0:00:48"]
[BlackClock "0:01:03"]

1. e4 c5 2. Nf3 g6 3. d4 cxd4 4. Nxd4 Bg7 5. c4 Nc6 6. Be3 Nf6 7. Nc3 Ng4 8. Qxg4 Nxd4 9. Qd1 e5 10. Bd3 O-O 11. O-O d6 12. a4 Be6 13. a5 Rc8 14. b3 f5 15. f3 Qd7 16. Ne2 Nxe2+ 17. Bxe2 a6 18. Qd2 Rc6 19. Rfd1 Qf7 20. Bf1 f4 21. Bf2 g5 22. Qb4 Rd8 23. Bb6 Rd7 24. Ra2 h5 25. Rad2 Bf8 26. Qc3 g4 27. Kh1 Kh7 28. Rd3 Qg7 29. c5 dxc5 30. Rxd7 Bxd7 31. Bc4 Rg6 32. Qc2 gxf3 33. gxf3 Bh3 0-1


[Site "https://www.chess.com"]

[Event "Titled Tuesday Blitz February 22 Early 2022"]
[White "Nosacheva, Mariya"]
[Black "Kazancev, Valerij M"]
[WhiteFideId "34111422"]
[BlackFideId "4179609"]
[WhiteElo "2055"]
[BlackElo "2461"]
[Result "0-1"]
[Round "02"]
[TimeControl "180+1"]
[Date "2022.02.22"]
[WhiteClock "0:02:45"]
[BlackClock "0:02:06"]

1. e4 c5 2. Nf3 d6 3. d4 cxd4 4. Nxd4 Nf6 5. Nc3 a6 6. g3 h5 7. h4 b5 8. Bg2 Bb7 9. O-O Nbd7 10. a4 b4 11. Nd5 e6 12. Nxf6+ Nxf6 13. Re1 Qc7 14. Bg5 Be7 15. Qd3 Rd8 16. c3 bxc3 17. Rec1 cxb2 0-1


[Site "https://www.chess.com"]

[Event "Titled Tuesday Blitz February 22 Early 2022"]
[White "Nur-Mukhametova, Alisa"]
[Black "Atakishiyev, Elmar"]
[WhiteFideId "54117739"]
[BlackFideId "13410547"]
[WhiteElo "2015"]
[BlackElo "2087"]
[Result "1-0"]
[Round "02"]
[TimeControl "180+1"]
[Date "2022.02.22"]
[WhiteClock "0:01:18"]
[BlackClock "0:00:58"]

1. Nf3 Nf6 2. g3 d5 3. c4 e6 4. Bg2 Be7 5. O-O O-O 6. b3 a5 7. Bb2 a4 8. d3 c6 9. Nbd2 Nbd7 10. Qc2 Re8 11. e4 a3 12. Bc3 c5 13. exd5 exd5 14. d4 dxc4 15. Nxc4 cxd4 16. Nxd4 Nc5 17. Rad1 Bd7 18. Nf5 Bxf5 19. Qxf5 Qc8 20. Qf3 Ra6 21. Rc1 Nce4 22. Bxf6 Nxf6 23. Nd6 Qxc1 24. Rxc1 Rxd6 25. Qxb7 Rd2 26. Bc6 Kf8 27. Bxe8 Nxe8 28. Re1 Bc5 29. Rxe8+ Kxe8 30. Qc8+ 1-0


[Site "https://www.chess.com"]

[Event "Titled Tuesday Blitz February 22 Early 2022"]
[White "Obolenskikh, Dmitry"]
[Black "Freitag, Manfred"]
[WhiteFideId "4156013"]
[BlackFideId "1602004"]
[WhiteElo "2512"]
[BlackElo "2275"]
[Result "1/2-1/2"]
[Round "02"]
[TimeControl "180+1"]
[Date "2022.02.22"]
[WhiteClock "0:00:19"]
[BlackClock "0:00:06"]

1. Nf3 Nf6 2. c4 g6 3. Nc3 Bg7 4. e4 O-O 5. d4 d6 6. h3 e5 7. dxe5 dxe5 8. Qxd8 Rxd8 9. Bg5 c6 10. Nxe5 Re8 11. O-O-O Na6 12. Nf3 h6 13. Be3 Nxe4 14. Nxe4 Rxe4 15. Rd8+ Kh7 16. Bd3 Re7 17. h4 Bf6 18. Bd4 Bxd4 19. Nxd4 Nc5 20. Bc2 Rd7 21. Rxd7 Bxd7 22. h5 Kg7 23. hxg6 fxg6 24. Re1 Kf6 25. Re3 Re8 26. Rf3+ Kg7 27. Rg3 g5 28. f4 g4 29. Bf5 h5 30. b4 Kf6 31. Bxd7 Nxd7 32. Rd3 Nb6 33. Nb3 Re4 34. Na5 Nxc4 35. Nxb7 Rxf4 36. Nd8 Ne5 37. Rd6+ Ke7 38. Re6+ Kxd8 39. Rxe5 h4 40. Rh5 g3 41. a3 Kc7 42. Kc2 Rf2+ 43. Kc3 Rxg2 44. Rxh4 Rf2 45. Rg4 g2 46. a4 Kb6 47. Rg5 a6 48. Kd3 Kc7 49. Rg6 Ra2 50. a5 Kd7 51. Ke3 Rb2 52. Kf3 Rxb4 53. Rxg2 Ra4 54. Ke3 Rxa5 55. Kd4 Kc7 56. Kc4 Kb6 57. Rg8 Rb5 58. Rb8+ Kc7 59. Rh8 a5 60. Ra8 Kb7 61. Rh8 a4 62. Kc3 Kb6 63. Rb8+ Kc5 64. Ra8 Rb3+ 65. Kc2 Kb4 66. Rb8+ Ka3 67. Rc8 Rb6 68. Ra8 c5 69. Rc8 Rb5 70. Ra8 Kb4 71. Kb2 c4 72. Rh8 a3+ 73. Ka2 Ka4 74. Ra8+ Ra5 75. Rc8 Kb4 76. Rb8+ Kc3 77. Rh8 Rd5 78. Rh3+ Rd3 79. Rh1 Kc2 80. Rg1 Rd1 81. Rg2+ Rd2 82. Rg1 Rd3 83. Rg2+ Rd2 84. Rg1 Rd3 85. Rh1 Rd1 86. Rh2+ Kc1 87. Kxa3 Rd3+ 88. Kb4 Rd2 89. Rxd2 Kxd2 90. Kxc4 1/2-1/2


[Site "https://www.chess.com"]

[Event "Titled Tuesday Blitz February 22 Early 2022"]
[White "Olenik Campa, Rudi"]
[Black "Sellitti, Federico"]
[WhiteFideId "14633264"]
[BlackFideId "821829"]
[WhiteElo "2051"]
[BlackElo "2596"]
[Result "0-1"]
[Round "02"]
[TimeControl "180+1"]
[Date "2022.02.22"]
[WhiteClock "0:00:05"]
[BlackClock "0:00:19"]

1. e4 c5 2. Nf3 Nf6 3. Nc3 d5 4. exd5 Nxd5 5. Nxd5 Qxd5 6. b3 Bg4 7. Be2 Bxf3 8. gxf3 Nc6 9. Bb2 e5 10. Bc4 Qd6 11. Qe2 Be7 12. Rg1 Bf6 13. O-O-O O-O-O 14. Bxf7 h6 15. Bg6 Bg5 16. Be4 Nd4 17. Qd3 Kb8 18. h4 Bf6 19. Rg6 Qb6 20. Qc4 Rd6 21. h5 Ne6 22. Ba3 Rd4 23. Qc3 Nf4 24. Qxc5 Qa6 25. c3 Rc8 26. Qxc8+ Kxc8 27. cxd4 Qxa3+ 28. Kc2 Nxg6 29. hxg6 Qxa2+ 30. Kd3 Qxb3+ 31. Ke2 exd4 32. Rc1+ Kb8 33. d3 Qb2+ 34. Kd1 Bg5 35. Rc2 Qb1+ 0-1


[Site "https://www.chess.com"]

[Event "Titled Tuesday Blitz February 22 Early 2022"]
[White "Omelja, Artem"]
[Black "Bachmann, Axel"]
[WhiteFideId "14119846"]
[BlackFideId "3700488"]
[WhiteElo "2418"]
[BlackElo "2642"]
[Result "1-0"]
[Round "02"]
[TimeControl "180+1"]
[Date "2022.02.22"]
[WhiteClock "0:00:08"]
[BlackClock "0:00:01"]

1. d4 d5 2. c4 dxc4 3. e3 Nf6 4. Bxc4 e6 5. Nf3 a6 6. O-O b5 7. Bd3 Bb7 8. a4 b4 9. Nbd2 c5 10. Nc4 Nbd7 11. Qe2 a5 12. Nfe5 Be7 13. b3 cxd4 14. exd4 O-O 15. Bg5 Nxe5 16. dxe5 Qd5 17. f4 Bc5+ 18. Kh1 Ne4 19. Rad1 g6 20. Bc2 Qc6 21. Bh4 Nc3 22. Qg4 Nxd1 23. Rxd1 h5 24. Qg3 Rfe8 25. Bf6 Bf8 26. Rd2 Bg7 27. h4 Bxf6 28. exf6 Kh7 29. Ne5 Qc3 30. Bxg6+ Kh8 31. Qg5 Qh3+ 32. Kg1 Qe3+ 33. Rf2 1-0


[Site "https://www.chess.com"]

[Event "Titled Tuesday Blitz February 22 Early 2022"]
[White "Orozbaev, Eldiar"]
[Black "Eynullayev, Altay"]
[WhiteFideId "13802240"]
[BlackFideId "13413562"]
[WhiteElo "2050"]
[BlackElo "2079"]
[Result "1-0"]
[Round "02"]
[TimeControl "180+1"]
[Date "2022.02.22"]
[WhiteClock "0:00:17"]
[BlackClock "0:00:07"]

1. e4 c5 2. c3 Nf6 3. e5 Nd5 4. d4 cxd4 5. cxd4 e6 6. Nf3 d6 7. Nc3 Nxc3 8. bxc3 Qc7 9. Bd2 Nd7 10. Bd3 dxe5 11. O-O b6 12. Re1 Bb7 13. Qe2 g6 14. Nxe5 Nxe5 15. dxe5 Bg7 16. Bg5 O-O 17. Rac1 Qc6 18. f3 Qc5+ 19. Kh1 Rac8 20. Be4 Bxe4 21. Qxe4 Qc4 22. Qe3 Rc5 23. Bf6 Bxf6 24. exf6 Rf5 25. Rcd1 Qf4 26. Rd7 Qxe3 27. Rxe3 Ra8 28. g4 Rxf6 29. Kg2 Rf4 30. Rc7 Ra4 31. Re2 Rd8 32. h4 h5 33. gxh5 gxh5 34. Kg3 Kg7 35. Re5 Rd3 36. Rxh5 Rxa2 37. Rg5+ Kf6 38. Rg4 Rd5 39. Rf4+ Rf5 40. Rxf5+ exf5 41. Kf4 Ra4+ 42. c4 b5 43. Rc6+ Kg7 44. Kg5 Rxc4 45. Ra6 Ra4 46. Rc6 b4 47. h5 f4 48. Rc5 b3 49. Rb5 Ra3 50. h6+ Kh7 51. Rf5 b2 52. Rxf7+ Kg8 53. Rb7 Ra2 54. Kxf4 a5 55. Kg5 a4 56. Kg6 b1=Q+ 57. Rxb1 Rg2+ 58. Kf6 a3 59. Rb7 a2 60. Ra7 Rg3 61. f4 Kh8 62. f5 Rg2 63. Kf7 Kh7 64. f6 Kxh6 65. Ke8 Kg6 66. f7 Re2+ 67. Kf8 Rf2 68. Ra6+ Kg5 69. Kg8 1-0


[Site "https://www.chess.com"]